← All builds
Geo / Armada / Economy first / OBSERVED BUILD

Nuke rush

Armada Geo build order · Supreme Isthmus

Geo commits to building an Armageddon nuke launcher from around 7:58, far earlier than usual, aiming the nuke at the enemy base while the team holds the front; transitions back to standard T2 play afterward.

Usually blows up the commander for T2 (77%)

#nuke · 31 distinct matches · 8 players · 1% of Armada Geo games · team won 68% of 31 · Recently observed

THE CATCH, AND WHAT COMES WITH IT
  • ArmageddonArmageddon from 7:48 · 1% of role by thenOnly 1% of Geo games have it by then; others who build it get it around 8:05
  • Aircraft PlantAircraft Plant in 52%20% of all Geo games by then

Where those units first fight, in 22 games with kill data: in the enemy base 82%, in the middle 14%.

Those units destroy a typical 9,310 metal of enemy units by 15:00.

Then transitions into blitz (10% of army).

HOW TO PLAY IT

Key timing: Armageddon by 10:00

  1. Run the standard Geo eco opening into geothermal power.
  2. Commit to the Armageddon nuke silo far earlier than usual.
  3. Finish the silo, aimed at the enemy base, and keep it protected.
  4. Build a Vehicle Plant alongside for ground support units.
  5. Stockpile the missile while fielding Starlights for the front.

Phase by phase

TYPICAL OF ITS 31 GAMES · AGAINST STANDARD GEO
  1. 1
  2. 2
  3. 3
  4. 4
  5. 5
PLAY THE OPENING

Follow the example game's first 8:48 step by step: what to build now, what comes next, and where it goes. At 1× it keeps pace with your own game.

  1. 1

    Up to the Bot Lab

    Economy
    • Metal Extractor3Mex
    • Wind Turbine4Wind
    Order
    1. Bot LabBot Lab after 3 mex, 4 winddone ~1:21, middle half 1:13–1:24

    By 1:04 in all: 3 mex · 4 wind

    The example game in this phase · 3 steps
    1. Mex ×3
    2. Wind ×4
    3. Bot LabBot Labdone 1:17 · typical 1:21
  2. 2

    Bot Lab to 5:00

    Economy
    • Metal Extractor1Mex
    • Wind Turbine2Wind
    • Energy Converter9Converter
    • Energy Storage1Energy storage
    Order
    1. Geothermal PowerplantGeo after 4 mex, 4 wind
    2. Bot LabEat Bot Lab
    Builders
    • Construction Turret6 Con turret
    • Lazarus4 Lazarus
    • Construction Bot2 Con bot
    • Construction Bot1 Con bot for allies
    • Lazarus1 Lazarus for allies

    By 5:00 in all: 4 mex · 6 wind · 1 geo · 9 converter · 1 energy storage · 6 con turret

    The example game in this phase · 33 steps
    1. Wind
    2. LazarusLazarus ×3
    3. Wind
    4. Construction BotCon bot
    5. LazarusLazarus
    6. Construction BotCon bot
    7. Mex
    8. Geothermal PowerplantGeodone 3:29 · typical 3:29
    9. Bot LabEat Bot Labreclaimed for its metal
    10. Con turret
    11. Energy storage
    12. Con turret
    13. Wind
    14. Con turret
    15. Converter
    16. Wind
    17. Con turret
    18. Converter
    19. Wind ×2
    20. Converter
    21. Wind
    22. Converter
    23. Wind
    24. Converter
    25. Con turret
    26. Wind
    27. Converter
    28. Wind
    29. Converter
    30. Wind
    31. Converter
    32. Wind
    33. Converter
  3. 3

    5:00 to Nuke silo

    Economy
    • Wind Turbine12Wind+11 vs standard
    • Energy Converter6Converter+3 vs standard
    Order
    1. Advanced Geothermal PowerplantAdvanced Geothermal Powerplant after 13 wind, 10 converter, 7 con turret
    2. ArmageddonNuke silo after 20 wind, 15 converter, 8 con turretdone ~9:59, middle half 9:27–10:33
    Builders
    • Construction Turret2 Con turret
    Other
    • Radar Tower1 Radar Tower

    Some games also: Sentry (35%)

    By 7:48 in all: 4 mex · 20 wind (standard 10) · 1 geo · 1 Advanced Geothermal Powerplant · 15 converter · 1 energy storage

    The example game in this phase · 12 steps
    1. Converter ×3
    2. Con turret
    3. Radar TowerRadar Tower
    4. Advanced Metal ExtractorT2 mexdone 6:07 · typical 5:45
    5. SentrySentry
    6. Advanced Metal ExtractorT2 mex
    7. SentrySentry
    8. Advanced Metal ExtractorT2 mex
    9. Advanced Geothermal PowerplantAdvanced Geothermal Powerplantdone 7:32 · typical 7:15
    10. Advanced Metal ExtractorT2 mex
    11. BeamerBeamer
    12. ArmageddonArmageddondone 9:48 · typical 9:59
  4. 4

    Nuke silo to Aircraft Plant

    Economy
    • Wind Turbine1Wind−2 vs standard
    Order
    1. Aircraft PlantAircraft Plant after 21 wind, 13 converter, 8 con turretdone ~9:56, middle half 8:41–11:17

    Some games also: converter (45%) · con turret (42%)

    The standard build makes here, this one skips: 2 converter · 2 Starlight

    By 9:51 in all: 4 mex · 26 wind (standard 17) · 1 geo · 1 Advanced Geothermal Powerplant · 18 converter · 1 energy storage

    The example game in this phase · 2 steps
    1. Con turret ×2
    2. Aircraft PlantAircraft Plantdone 9:56 · typical 9:56
  5. 5

    Aircraft Plant to 15:00

    Economy
    • Wind Turbine13Wind
    Order
    1. Vehicle PlantEat Vehicle Plant in 65% of games

    Some games also: con turret (45%) · converter (45%) · Vehicle Plant (35%) · blitz (32%) · Chainsaw (32%) · eat Aircraft Plant (48%)

    The standard build makes here, this one skips: 5 Jaguar · 2 Starlight

    By 15:00 in all: 4 mex · 45 wind · 1 geo · 1 Advanced Geothermal Powerplant · 20 converter · 1 energy storage

    The example game in this phase · 36 steps
    1. Construction AircraftCon aircraft
    2. Aircraft PlantEat Aircraft Plantreclaimed for its metal
    3. Vehicle PlantVehicle Plant ×2done 10:15 · typical 10:03
    4. BlitzBlitz
    5. Converter
    6. BlitzBlitz ×2
    7. Converter
    8. BlitzBlitz ×2
    9. Converter
    10. BlitzBlitz ×3
    11. Converter
    12. BlitzBlitz ×4
    13. Converter
    14. BlitzBlitz ×6
    15. Converter
    16. BlitzBlitz ×8
    17. Converter
    18. BlitzBlitz ×5
    19. BlitzBlitzfor Front
    20. Converter
    21. BlitzBlitz ×7for Front
    22. BlitzBlitz
    23. BlitzBlitz ×12for Front
    24. BlitzBlitz ×2
    25. Vehicle PlantEat Vehicle Plantreclaimed for its metal
    26. Vehicle PlantEat Vehicle Plantreclaimed for its metal
    27. Vehicle PlantVehicle Plantdone 12:40
    28. Construction VehicleCon vehicle
    29. Vehicle PlantEat Vehicle Plantreclaimed for its metal
    30. Advanced Vehicle PlantAdvanced Vehicle Plantdone 13:12
    31. Advanced Construction VehicleT2 con vehicle
    32. ShredderShredderdone 13:42
    33. Fusion ReactorFusiondone 14:17
    34. ShredderShredder
    35. Fusion ReactorFusion
    36. Con turret ×3

Counts are medians over the build's games: half of them build more, half fewer. The example game is Ram_Me_Daddy's (32 OS, 21/09/2026); pick another.

Team trades

IN AT LEAST 30% OF ITS GAMES

You hand over

  • Construction Bot1 Con bot to Beach seafirst at 2:21 · in 81% of games
  • Lazarus1 Lazarus to Beach sea or Suicide front or Pondfirst at 2:28 · in 81% of games

You get

  • Advanced Construction Bot1 T2 con bot from Techfirst at 4:56 · in 100% of games
  • Advanced Metal Extractor1 T2 mex from Tech or Beach seafirst at 5:18 · in 35% of games

How it plays out

Typical game of this build against the role’s standard build, running totals by minute

  • This build
  • Standard geo

Metal produced

020k40k
0:005:0010:0015:00

metal

Enemy metal destroyed

05k10k15k
0:005:0010:0015:00

metal

Own metal lost

02k4k6k
0:005:0010:0015:00

metal

31 games.

Show as table
ByMetal produced: This buildMetal produced: Standard geoEnemy metal destroyed: This buildEnemy metal destroyed: Standard geoOwn metal lost: This buildOwn metal lost: Standard geo
1:003843330000
2:009118590000
3:00150115270000
4:00276326700000
5:00376336940000
6:00593156380000
7:00827780260000
8:0011366113460000
9:001448214406043084
10:0017603172800472130198
11:00207382012501745260520
12:0024264229952065361811801605
13:0027278257358475583715402970
14:00307042858912125823919404432
15:003285931360136791017221505586
WHAT THE NUMBERS SAY

Team won clearly more than the standard build, with massive enemy metal destroyed and very low losses.

  • + Enemy metal destroyed by 15:00 nearly 65% higher than standard (17495 vs 10560)
  • + Own metal lost by 15:00 much lower than standard (2480 vs 5977)
  • − Early game nearly inactive, 21 enemy metal destroyed by 10:00 vs 533 standard
  • − Only reaches this timing in 1% of role games, unproven sample
THE EXAMPLE YOU ARE READING

Ram_Me_Daddy

32.5 OS · 21/09/2026

Open source match ↗

11 received units · includes a constructor
561 metal received · 22253 energy received

Allied construction assistance is unknown. Timings are observations, not a promise of solo reproducibility.

Typical milestones

Bot Lab1:21Middle 50%: 1:13–1:24 · n=31
Geothermal Powerplant3:29Middle 50%: 3:15–3:40 · n=31
Advanced Metal Extractor5:45Middle 50%: 5:32–6:06 · n=31
Advanced Geothermal Powerplant7:15Middle 50%: 7:02–7:40 · n=31
Aircraft Plant9:56Middle 50%: 8:41–11:17 · n=16
Armageddon9:59Middle 50%: 9:27–10:33 · n=27
Vehicle Plant10:03Middle 50%: 8:26–10:38 · n=23

Played most by

PongoPygmaeus11games of this buildRam_Me_Daddy9games of this buildViltrum4games of this buildGraceful2games of this buildYogaBoy1584972games of this build